 Dungeon Crawl Stone Soup version 0.24.0-37-gcf1ca852f1 (webtiles) character file.

Game seed: 14732053175227544777, levelgen mode: deterministic

6346 PoweredByCoffee the Covert (level 10, -2/61 HPs)
             Began as a Deep Elf Wizard on Nov 30, 2019.
             Was a Priest of Ru.
             Hit by a large rock thrown by a cyclops (28 damage)
             ... on level 11 of the Dungeon.
             The game lasted 00:40:32 (13546 turns).

PoweredByCoffee the Covert (Deep Elf Wizard)       Turns: 13546, Time: 00:40:33

Health: -2/61      AC:  8    Str:  4    XL:     10   Next: 64%
Magic:  27/27      EV: 14    Int: 27    God:    Ru [***...]
Gold:   521        SH:  0    Dex: 11    Spells: 20/31 levels left

rFire    . . .     SeeInvis .   a - +2 dagger (venom)
rCold    . . .     Gourm    .   (no shield)
rNeg     + + .     Faith    +   w - +2 robe {rN+}
rPois    .         Spirit   .   y - +1 helmet
rElec    .         Reflect  .   k - +0 cloak
rCorr    .         Harm     .   J - +0 pair of gloves
MR       +....                  (no boots)
Stlth    +++++.....             j - amulet of faith
HPRegen  0.20/turn              x - ring of positive energy
MPRegen  0.20/turn              m - ring of flight

@: no scrolls
A: clumsy 1, inability to read while threatened, no air magic, no charms magic,
no transmutations magic
a: Draw Out Power, Renounce Religion, Evoke Flight


You were on level 11 of the Dungeon.
You worshipped Ru.
Ru was most pleased with you.
You were near starving.

You visited 1 branch of the dungeon, and saw 11 of its levels.

You collected 521 gold pieces.

Inventory:

Hand Weapons
 a - a +2 dagger of venom (weapon)
 b - a +0 trident of venom
Missiles
 l - 32 poisoned darts (quivered)
Armour
 k - a +0 cloak (worn)
 w - a +2 robe of positive energy (worn)
 y - a +1 helmet (worn)
 J - a +0 pair of gloves (worn)
Jewellery
 j - an amulet of faith (around neck)
 m - a ring of flight (right hand)
 x - a ring of positive energy (left hand)
Wands
 q - a wand of flame (57)
 K - a wand of random effects (22)
 N - a wand of iceblast (3)
Scrolls
 c - 4 scrolls of identify
 e - a scroll of vulnerability {unknown}
 f - a scroll of brand weapon {unknown}
 h - a scroll of remove curse
 i - 2 scrolls of enchant weapon {unknown}
 r - 2 scrolls of magic mapping {unknown}
 s - a scroll of noise {unknown}
 t - 3 scrolls of teleportation {unknown}
 u - 2 scrolls of fog {unknown}
 B - a scroll of amnesia {unknown}
 D - a scroll of random uselessness {unknown}
 E - 2 scrolls of blinking
 G - a scroll of summoning {unknown}
 H - 2 scrolls of enchant armour
 I - 2 scrolls of fear
Potions
 g - a potion of ambrosia
 n - 2 potions of heal wounds
 o - 3 potions of mutation
 p - a potion of brilliance {unknown}
 v - 2 potions of lignification {unknown}
 z - 2 potions of invisibility
 A - 4 potions of haste
 C - 3 potions of curing
 F - 2 potions of might
 L - 2 potions of resistance {unknown}
 O - 2 potions of agility {unknown}
Comestibles
 d - 22 rations


   Skills:
 + Level 6.5 Fighting
 + Level 5.0 Dodging
 + Level 11.8 Stealth
 + Level 11.4 Spellcasting
 - Level 6.0 Conjurations
 - Level 1.1 Summonings
 - Level 2.1 Translocations
 - Level 1.0 Poison Magic


You had 20 spell levels left.
You knew the following spells:

 Your Spells              Type           Power        Failure   Level  Hunger
a - Magic Dart            Conj           ####         1%          1    None
b - Blink                 Tloc           N/A          2%          2    None
c - Call Imp              Summ           ###.....     3%          2    None
d - Mephitic Cloud        Conj/Pois/Air  ####....     4%          3    None
e - Conjure Flame         Conj/Fire      ####....     3%          3    None

Your spell library contained the following spells:

 Spells                   Type           Power        Failure   Level  Hunger
 Slow                     Hex            ###.....     5%          2    None


Dungeon Overview and Level Annotations

Branches:
Dungeon (11/15)            Temple (0/1) D:5            Lair (0/6) D:8
    Orc: D:9-12

Altars:
Ashenzari
Cheibriados
Elyvilon
Kikubaaqudgha
Makhleb
Nemelex Xobeh
Ru
Sif Muna
Uskayaw
Xom
The Shining One

Annotations:
D:5 Grinder
D:9 exclusion: troll


Innate Abilities, Weirdness & Mutations

You are clumsy. (Dex -2)
You cannot read scrolls while threatened.
You cannot study or cast Air magic.
You cannot study or cast Charms magic.
You cannot study or cast Transmutations magic.


Message History

You miss something. Something hits you but does no damage.
You closely miss something. Something hits you but does no damage.
You barely miss something. Something hits you but does no damage.
You barely miss something.
The cyclops shouts!
You hit something.
The cyclops throws a large rock.
The large rock hits you!!
Ouch! That really hurt!
Unknown command.
You hear some strange, mumbled words.
A puff of flame appears from out of thin air!
The puff of flame hits you.
You feel threatened and lose the ability to read scrolls!
There is an open door, spattered with blood here.
You feel a bit more experienced.
You close the door.
You can read scrolls again.
You are near starving!
The cyclops throws a large rock.
The large rock hits you!!
You feel threatened and lose the ability to read scrolls!
You die...

################
#...............
#.##............
#.##...##.......
#.##............
#.##.###+########
#.##.#...({......
#.##.###C##......
#.##@.....# .C...
#.....###.# #[..
#.........#
$.....#
#.........#
.......
#.....###.#
.......
#.........#
......#
#...######
......# #...#
#####.......
#.#.#
#...#.......


You could see a cyclops.

Vanquished Creatures
  Psyche (D:9)
  A kobold demonologist (D:9)
  A komodo dragon (D:8)
  A hornet (D:10)
  2 hippogriffs
  A wraith (D:10)
  3 wyverns
  A hungry ghost (D:9)
  Menkaure (D:7)
  3 orc warriors
  2 sky beasts
  A necrophage (D:10)
  A phantom (D:10)
  2 slaves
  A centaur (D:10)
  An ogre (D:10)
  A crocodile (D:8)
  2 big kobolds
  9 bullfrogs
  A gnoll sergeant (D:10)
  A water moccasin zombie (D:5)
  3 scorpions
  A water moccasin skeleton (D:6)
  5 wights (D:8)
  5 howler monkeys (D:10)
  3 crimson imps
  A centaur zombie (D:9)
  A jelly (D:8)
  2 bullfrog zombies
  4 hounds
  3 orc wizards
  2 orc priests
  4 iguanas
  3 bullfrog skeletons
  Ijyb (D:4)
  Terence (D:2)
  6 worker ants
  A killer bee zombie (D:5)
  A worker ant zombie (D:10)
  5 gnolls
  10 adders
  3 howler monkey skeletons
  3 shadow imps
  An adder skeleton (D:4)
  3 worms
  5 dart slugs
  4 leopard geckos
  18 orcs
  3 bats (D:2)
  12 giant cockroaches
  11 goblins
  10 hobgoblins
  4 jackals (D:10)
  4 quokkas
  A ball python (D:2)
  10 frilled lizards
  8 kobolds
  A leopard gecko zombie (D:9)
  A quokka zombie (D:6)
  7 rats
208 creatures vanquished.

Vanquished Creatures (collateral kills)
  Pikel (D:5)
  Sigmund (D:4)
  A swamp drake (D:8)
  2 slaves
  2 sky beasts
  2 ogres
  A centaur (D:8)
  A scorpion (D:5)
  A crimson imp (D:6)
  A hound (D:4)
  A gnoll (D:10)
  3 orcs
17 creatures vanquished.

Grand Total: 225 creatures vanquished

Notes
Turn   | Place    | Note
-------+----------+-------------------------------------------
     0 | D:1      | PoweredByCoffee the Deep Elf Wizard began the quest for the
                  | Orb.
     0 | D:1      | Reached XP level 1. HP: 10/10 MP: 7/7
   370 | D:1      | Reached XP level 2. HP: 15/15 MP: 6/9
   406 | D:1      | Learned a level 2 spell: Call Imp
   409 | D:1      | Learned a level 2 spell: Blink
   798 | D:1      | Reached XP level 3. HP: 17/19 MP: 4/11
   937 | D:1      | Reached skill level 5 in Spellcasting
  1155 | D:1      | Learned a level 3 spell: Mephitic Cloud
  1672 | D:1      | Learned a level 3 spell: Conjure Flame
  1841 | D:2      | Found a sacrificial altar of Ru.
  2014 | D:2      | Reached XP level 4. HP: 24/24 MP: 7/13
  2178 | D:2      | Noticed Terence
  2198 | D:2      | Killed Terence
  2605 | D:2      | Reached skill level 1 in Air Magic
  2605 | D:2      | Reached skill level 1 in Poison Magic
  3015 | D:2      | Became a worshipper of Ru the Awakened
  3098 | D:3      | Reached skill level 1 in Fighting
  3098 | D:3      | Reached XP level 5. HP: 24/29 MP: 9/15
  3167 | D:3      | Found a glowing golden altar of the Shining One.
  3851 | D:4      | Noticed Ijyb
  3874 | D:4      | Killed Ijyb
  4052 | D:4      | Reached XP level 6. HP: 31/34 MP: 4/17
  4107 | D:4      | You fall into a shaft and drop 2 floors!
  4176 | D:6      | Reached skill level 5 in Conjurations
  4521 | D:6      | Found a shimmering altar of Xom.
  4525 | D:6      | Noticed an angel
  4600 | D:5      | Entered Level 5 of the Dungeon
  4646 | D:5      | Reached XP level 7. HP: 27/40 MP: 6/18
  4746 | D:5      | Noticed Grinder
  4950 | D:5      | Gained mutation: You cannot study or cast Air magic. [Ru
                  | sacrifice]
  4950 | D:5      | Gained mutation: You cannot study or cast Transmutations
                  | magic. [Ru sacrifice]
  4950 | D:5      | Gained mutation: You cannot study or cast Charms magic. [Ru
                  | sacrifice]
  4950 | D:5      | Reached * piety under Ru
  5030 | D:5      | Found a staircase to the Ecumenical Temple.
  5043 | D:5      | Noticed Pikel
  5272 | D:4      | Noticed Sigmund
  5319 | D:4      | Killed Sigmund
  5507 | D:4      | Found a sparkling altar of Nemelex Xobeh.
  5553 | D:4      | Found an ancient bone altar of Kikubaaqudgha.
  5841 | D:5      | Found a shimmering blue altar of Sif Muna.
  5890 | D:5      | Killed Pikel
  5890 | D:5      | Reached XP level 8. HP: 20/46 MP: 4/21
  6242 | D:5      | Found a white marble altar of Elyvilon.
  6289 | D:6      | Reached skill level 5 in Stealth
  6462 | D:6      | Got a sapphire trident
  6463 | D:6      | Identified the +5 trident "Buickaqi" {pain, Fragile +Rage
                  | +Inv Stlth+} (You found it on level 6 of the Dungeon)
  6465 | D:6      | You fall into a shaft and drop 3 floors!
  6466 | D:9      | Noticed a troll
  6613 | D:9      | Found a shattered altar of Ashenzari.
  6970 | D:9      | Noticed Psyche
  7418 | D:9      | Noticed a gargoyle
  7421 | D:8      | Found a hide-covered altar of Uskayaw.
  8070 | D:8      | Reached XP level 9. HP: 52/52 MP: 20/24
  8617 | D:7      | Gained mutation: You cannot read scrolls while threatened.
                  | [Ru sacrifice]
  8617 | D:7      | Reached ** piety under Ru
  8668 | D:7      | Found a snail-covered altar of Cheibriados.
  8770 | D:7      | Noticed Menkaure
  8774 | D:7      | Killed Menkaure
  8857 | D:7      | Found a burning altar of Makhleb.
  9169 | D:7      | Reached skill level 5 in Fighting
  9774 | D:8      | Reached skill level 10 in Stealth
  9774 | D:8      | Reached skill level 10 in Spellcasting
  9896 | D:8      | Noticed a komodo dragon
  9958 | D:8      | Killed a komodo dragon
 10205 | D:8      | Found a staircase to the Lair.
 10830 | D:8      | Reached XP level 10. HP: 60/60 MP: 24/26
 11163 | D:9      | Killed Psyche
 11318 | D:9      | Noticed a rust devil
 11325 | D:9      | Noticed a smoke demon
 11607 | D:10     | Entered Level 10 of the Dungeon
 12100 | D:10     | Gained mutation: You are clumsy. (Dex -2) [Ru sacrifice]
 12100 | D:10     | Reached *** piety under Ru
 13199 | D:11     | Noticed a cyclops
 13354 | D:10     | Reached skill level 5 in Dodging
 13546 | D:11     | Hit by a large rock thrown by a cyclops

Levels and vault maps discovered:
D:1:      dpeg_arrival_connections, layout_basic, minmay_split_cup_large
D:2:      layout_basic, nicolae_overflow_crystal_walls, bh_walls_and_bars,
          uniq_terence
D:3:      layout_basic, lemuel_crystal_altar, first_ration, eino_tiny_chamber
D:4:      layout_rooms, kennysheep_mini, nemelex_xobeh_ov_fountains_minmay,
          uniq_ijyb, uniq_sigmund
D:5:      layout_rooms, overflow_temple_1_default, old_standard_altar,
          minmay_temple_entry_mini_moons, abandoned_shop, uniq_grinder,
          uniq_pikel
D:6:      layout_basic, grunt_temple_overflow_order_and_chaos_1,
          nrook_mini_vaults
D:7:      kb_forest_paths, layout_cave_pods, marbit_many_paths,
          kennysheep_mini_moat, cheibriados_altar_1, uniq_duvessa, uniq_menkaure
D:8:      layout_rooms, erik_lair_dragon, basic_altar, blue_anna_alchemist
          [blue_anna_fruit_fields, blue_anna_fruit_fields]
D:9:      layout_basic, lemuel_crystal_altar, uniq_psyche
D:10:     layout_gridville
D:11:     layout_stronghold, erik_orc_4

Skill      XL: |  1  2  3  4  5  6  7  8  9 10 |
---------------+-------------------------------+-----
Conjurations   | 2 3 4 5 6 |  6.0
Spellcasting   | 5 6 7 9 10 11 | 11.4
Air Magic      | 1 0 |  0.0
Poison Magic   | 1 |  1.0
Fighting       | 1 2 3 4 5 6 |  6.5
Stealth        | 4 7 10 11 | 11.8
Translocations | 2 |  2.1
Dodging        | 5 |  5.0
Summonings     | |  1.1

Action                   |  1- 3 |  4- 6 |  7- 9 | 10-12 || total
-------------------------+-------+-------+-------+-------++-------
Melee: Dagger            |    25 |    34 |    76 |    84 ||   219
       Trident           |       |       |    44 |    10 ||    54
Throw: Dart              |     1 |     2 |       |       ||     3
 Cast: Magic Dart        |    96 |   118 |   280 |   138 ||   632
       Call Imp          |     2 |    11 |    42 |     5 ||    60
       Blink             |     2 |     7 |    17 |     9 ||    35
       Mephitic Cloud    |       |     4 |       |       ||     4
       Conjure Flame     |       |     3 |    29 |     8 ||    40
Invok: Sacrifice Arcana  |       |       |     1 |       ||     1
       Sacrifice Words   |       |       |     1 |       ||     1
       Sacrifice Purity  |       |       |       |     1 ||     1
Evoke: Wand              |       |       |     4 |     6 ||    10
  Use: Scroll            |       |     5 |     4 |     4 ||    13
       Potion            |       |       |     1 |     1 ||     2
 Stab: Sleeping          |     1 |     4 |     9 |     9 ||    23
       Confused          |       |     1 |       |       ||     1
       Distracted        |       |     1 |       |       ||     1
       Invisible         |       |       |       |     1 ||     1
  Eat: Chunk             |     3 |     8 |    12 |     4 ||    27
       Ration            |       |       |     2 |     1 ||     3
Armor: Robe              |     3 |     9 |    20 |    31 ||    63
Dodge: Dodged            |    17 |    33 |    85 |    80 ||   215
